 Dungeon Crawl Stone Soup version 0.18.1-8-gdd0e5ea (webtiles) character file.

216 Kzard the Ruffian (level 5, 0/53 HPs)
             Began as a Troll Monk on June 1, 2016.
             Was a Believer of Nemelex Xobeh.
             Succumbed to Sigmund's poison
             ... on level 3 of the Dungeon on June 2, 2016.
             The game lasted 00:10:32 (1727 turns).

Kzard the Ruffian (Troll Monk)                      Turns: 1727, Time: 00:10:33

Health: 0/53       AC:  5    Str: 19    XL:     5   Next: 61%
Magic:  4/4        EV: 11    Int:  7    God:    Nemelex Xobeh [**....]
Gold:   30         SH:  0    Dex: 12    Spells: 0 memorised, 4 levels left

rFire  . . .     SeeInvis .       - Unarmed
rCold  . . .     Gourm    +     a - +0 robe
rNeg   . . .     Faith    .     (no shield)
rPois  .         Spirit   .     (helmet restricted)
rElec  .         Dismiss  .     (no cloak)
rCorr  .         Reflect  .     (gloves unavailable)
SustAt .         Harm     .     (boots unavailable)
MR     .....                    (no amulet)
Stlth  ++........               (no ring)
                                h - ring of stealth

@: lethally poisoned (0 -> -21), not resistant to hostile enchantments,
unstealthy
A: unfitting armour, claws 3, fast metabolism 3, gourmand, regeneration 2,
shaggy fur 1, tough skin 2
a: Renounce Religion


You were on level 3 of the Dungeon.
You worshipped Nemelex Xobeh.
Nemelex Xobeh was pleased with you.
You were not hungry.

You visited 1 branch of the dungeon, and saw 3 of its levels.

You collected 30 gold pieces.

Inventory:

Hand Weapons
 d - a +0 short sword
Missiles
 g - 72 stones (quivered)
Armour
 a - a +0 robe (worn)
Jewellery
 h - a ring of stealth (left claw)
Scrolls
 c - a scroll of magic mapping {unknown}
 e - 2 scrolls of fog
 f - a scroll of remove curse {unknown}
Potions
 i - a potion of lignification {unknown}
 k - a potion of curing {unknown}
Miscellaneous
 j - a plain deck of destruction {drawn: 2}
 l - a plain deck of destruction {drawn: 1}
 m - a plain deck of war
Comestibles
 b - 2 bread rations
 n - a slice of pizza


   Skills:
 + Level 3.2 Fighting
 + Level 0.3 Throwing
 + Level 4.1 Dodging
 + Level 1.3 Stealth
 + Level 4.8 Unarmed Combat


You had 4 spell levels left.
You didn't know any spells.

Dungeon Overview and Level Annotations

Branches:
Dungeon (3/15)

Altars:
Nemelex Xobeh

Annotations:
D:2 Natasha
D:3 Sigmund


Innate Abilities, Weirdness & Mutations

You are too large for most types of armour.
You have claws for hands.
Your metabolism is lightning-fast.
You like to eat raw meat.
You heal very quickly.
You are covered in fur (AC +1).
You have very tough skin (AC +2).


Message History

You kill the kobold!
You feel sick. The quokka closely misses you.
You feel sick. The quokka bites you.
* * * LOW HITPOINT WARNING * * *
Something hits you but does no damage.
You are more poisoned.
You claw the quokka!
You kill the quokka!
* * * LOW HITPOINT WARNING * * *
You feel very sick. Something hits you.
* * * LOW HITPOINT WARNING * * *
You are more poisoned.
* * * LOW HITPOINT WARNING * * *
You feel very sick.
You see here a hobgoblin corpse.
* * * LOW HITPOINT WARNING * * *
You feel very sick.
You die...
Your body disappears without a glow.

###.###..# ....#.
.. #..#.#.
#.....# #...#.###
##.......###
#.##..#.#{#...#
)....)..).†.#<##
..).))#####@...##
#..@) #.....#
#... #....## ...
#.#...# #.
#####.#...# #
.......<..#
#######...#
..........#
#####.....#


There were no monsters in sight!

Vanquished Creatures
  The ghost of Shearov the Sneak, an amateur KoEn (D:3)
  Terence (D:2)
  An iguana (D:3)
  Natasha (D:2)
  An adder (D:3)
  A gnoll (D:3)
  A worm (D:2)
  2 dart slugs (D:1)
  3 giant geckos
  2 orcs (D:3)
  9 bats
  2 giant cockroaches
  3 hobgoblins
  2 jackals (D:1)
  5 kobolds
  A quokka (D:3)
  3 ball pythons
  A giant newt (D:1)
  A goblin (D:1)
  5 rats
46 creatures vanquished.

Vanquished Creatures (collateral kills)
  A goblin (D:2)
1 creature vanquished.

Grand Total: 47 creatures vanquished

Notes
Turn   | Place    | Note
--------------------------------------------------------------
     0 | D:1      | Kzard the Troll Monk began the quest for the Orb.
     0 | D:1      | Reached XP level 1. HP: 22/22 MP: 0/0
   209 | D:1      | Reached XP level 2. HP: 29/29 MP: 1/1
  1164 | D:2      | Noticed Terence
  1182 | D:2      | Killed Terence
  1182 | D:2      | Reached XP level 3. HP: 22/36 MP: 2/2
  1368 | D:2      | Noticed Natasha
  1376 | D:2      | Killed Natasha
  1376 | D:2      | Reached XP level 4. HP: 11/44 MP: 3/3
  1413 | D:2      | Noticed Natasha
  1491 | D:2      | Found a sparkling altar of Nemelex Xobeh.
  1499 | D:2      | Became a worshipper of Nemelex Xobeh the Trickster
  1499 | D:2      | Received a gift from Nemelex Xobeh
  1499 | D:2      | Reached * piety under Nemelex Xobeh
  1499 | D:2      | Received a gift from Nemelex Xobeh
  1499 | D:2      | Reached ** piety under Nemelex Xobeh
  1499 | D:2      | Received a gift from Nemelex Xobeh
  1619 | D:3      | Noticed Shearov's ghost (amateur KoEn)
  1646 | D:3      | Killed Shearov's ghost
  1646 | D:3      | Reached XP level 5. HP: 41/53 MP: 4/4
  1680 | D:3      | Noticed Robin
  1684 | D:3      | Noticed Ijyb
  1684 | D:3      | Noticed Ijyb
  1684 | D:3      | Ijyb changed into Ijyb the iguana
  1684 | D:3      | Noticed Robin
  1684 | D:3      | Robin changed into Robin the gnoll
  1686 | D:3      | Noticed Sigmund
  1693 | D:3      | Killed Robin the gnoll
  1702 | D:3      | Killed Ijyb the iguana
  1726 | D:3      | HP: 2/53 [poisoned by Sigmund]
  1727 | D:3      | Succumbed to Sigmund's poison

Skill      XL: |  1  2  3  4  5 |
---------------+----------------+-----
Dodging        | 3 4 |  4.1
Fighting       | 3 |  3.2
Throwing       | |  0.3
Stealth        | |  1.3
Unarmed Combat | |  4.8

Action                   |  1- 3 |  4- 6 || total
-------------------------+-------+-------++-------
Melee: Short sword       |    18 |       ||    18
       Unarmed           |    79 |    60 ||   139
       Punch             |       |     1 ||     1
Throw: Stone             |    19 |     7 ||    26
Evoke: Deck              |       |     3 ||     3
  Use: Scroll            |       |     1 ||     1
 Stab: Sleeping          |     2 |       ||     2
  Eat: Chunk             |    11 |     2 ||    13
Armor: Robe              |    82 |    39 ||   121
Dodge: Dodged            |   116 |    27 ||   143
